 Dungeon Crawl Stone Soup version 0.20.1-1-g8b1a95d (webtiles) character file.

1001 nightchill the Spear-Bearer (level 8, -3/56 HPs)
             Began as a Merfolk Skald on Dec 23, 2017.
             Slain by an ogre
             ... wielding a +0 giant spiked club
              (12 damage)
             ... on level 5 of the Dungeon.
             The game lasted 00:19:31 (5323 turns).

nightchill the Spear-Bearer (Merfolk Skald)         Turns: 5323, Time: 00:19:31

Health: -3/56      AC:  6    Str: 18    XL:     8   Next: 20%
Magic:  7/11       EV: 14    Int: 12    God:
Gold:   271        SH:  0    Dex: 13    Spells: 7/11 levels left

rFire    . . .     SeeInvis .   a - +1 spear
rCold    . . .     Gourm    .   (no shield)
rNeg     . . .     Faith    .   b - +0 leather armour
rPois    .         Spirit   .   p - +1 helmet
rElec    .         Reflect  .   (no cloak)
rCorr    .         Harm     .   g - +0 pair of gloves
MR       .....                  (no boots)
Stlth    +.........             (no amulet)
Regen    0.2/turn               (no ring)
MPRegen  0.2/turn               u - +4 ring of strength

@: no status effects
A: change form in water, swift swim, stealthy swim
a: no special abilities


You were on level 5 of the Dungeon.
You were hungry.

You visited 1 branch of the dungeon, and saw 5 of its levels.

You collected 271 gold pieces.

Inventory:

Hand Weapons
 a - a +1 spear (weapon)
Missiles
 e - 162 stones (quivered)
Armour
 b - a +0 leather armour (worn)
 g - a +0 pair of gloves (worn)
 h - a cursed +0 cloak
 p - a +1 helmet (worn)
Jewellery
 u - a +4 ring of strength (right hand)
Wands
 q - a wand of digging (7/24)
Scrolls
 k - 2 scrolls of enchant armour
Potions
 f - a potion of berserk rage
 n - a potion of cancellation {unknown}
 r - a potion of curing
 s - a potion of invisibility
 t - a potion of magic {unknown}
Books
 c - a book of Battle

   Spells                             Type                      Level
   a - Infusion                       Charms                       1
   b - Shroud of Golubria             Charms/Translocation         2
   c - Song of Slaying                Charms                       2
   d - Spectral Weapon                Hexes/Charms                 3
   e - Regeneration                   Charms/Necromancy            3
 v - a book of Frost

   Spells                             Type                      Level
   a - Freeze                         Ice                          1
   b - Throw Frost                    Conjuration/Ice              2
   c - Ozocubu's Armour               Charms/Ice                   3
   d - Throw Icicle                   Conjuration/Ice              4
   e - Summon Ice Beast               Ice/Summoning                4
Comestibles
 d - 3 bread rations
 i - a meat ration


   Skills:
 - Level 2.1 Fighting
 + Level 10.6 Polearms
 - Level 0.6 Armour
 + Level 5.8 Dodging
 - Level 2.0 Spellcasting
 + Level 5.5 Charms


You had 7 spell levels left.
You knew the following spells:

 Your Spells              Type           Power        Failure   Level  Hunger
a - Infusion              Chrm           ##..         3%          1    ##.....
b - Spectral Weapon       Hex/Chrm       #.......     30%         3    ####...


Dungeon Overview and Level Annotations

Branches:
Dungeon (5/15)
 Temple: D:4-7

Altars:
Elyvilon
Ru
Xom

Annotations:
D:3 exclusions: downstairs and upstairs


Message History

You closely miss the hippogriff.
The hippogriff is severely wounded.
You completely miss the hippogriff.
The hippogriff is severely wounded.
The hippogriff barely misses you. The hippogriff closely misses you.
The hippogriff claws you.
* * * LOW HITPOINT WARNING * * *
You barely miss the hippogriff.
The hippogriff is severely wounded.
The ogre closely misses you.
You hit the hippogriff.
The hippogriff is almost dead.
The hippogriff bites you but does no damage.
The hippogriff pecks you.
* * * LOW HITPOINT WARNING * * *
The hippogriff closely misses you.
You hit the hippogriff but do no damage.
The hippogriff is almost dead.
The ogre hits you with a giant spiked club!
You die...

...... .... .... ...
..# #.# #H# #### #@#
#... #O## ..# #5a##
#.# .. #...###.##
... ##.....5.###
....
#.........###....
#................ #
########..........
#.##.....###..###..#


You could see a hippogriff, an ogre, a worker ant and a shadow imp.

Vanquished Creatures
  Edmund (D:4)
  Duvessa (D:4)
  2 phantoms (D:4)
  A bullfrog (D:4)
  Dowan (D:4)
  2 scorpions
  A howler monkey (D:4)
  A jelly (D:5)
  3 hounds
  2 orc priests (D:4)
  An orc wizard (D:2)
  Jessica (D:3)
  3 adders (D:4)
  A worm (D:3)
  A dart slug (D:1)
  4 leopard geckos
  7 orcs
  A ball python (D:1)
  8 goblins
  7 hobgoblins
  An iguana (D:5)
  3 jackals (D:1)
  4 kobolds
  4 quokkas
  11 bats
  4 frilled lizards
  A leopard gecko skeleton (D:4)
  5 rats
82 creatures vanquished.

Vanquished Creatures (others)
  2 spectral weapons (D:5)
2 creatures vanquished.

Grand Total: 84 creatures vanquished

Notes
Turn   | Place    | Note
-------+----------+-------------------------------------------
     0 | D:1      | nightchill the Merfolk Skald began the quest for the Orb.
     0 | D:1      | Reached XP level 1. HP: 16/16 MP: 3/3
   267 | D:1      | Reached skill level 4 in Polearms
   267 | D:1      | Reached XP level 2. HP: 22/22 MP: 5/5
   745 | D:1      | Reached XP level 3. HP: 27/27 MP: 6/6
   827 | D:1      | Reached skill level 5 in Polearms
  1796 | D:2      | Found a sacrificial altar of Ru.
  1826 | D:2      | Reached skill level 6 in Polearms
  1826 | D:2      | Reached XP level 4. HP: 33/33 MP: 7/7
  1998 | D:3      | Found a faded altar of an unknown god.
  2363 | D:3      | Reached skill level 7 in Polearms
  2534 | D:3      | Noticed Jessica
  2554 | D:3      | Killed Jessica
  2554 | D:3      | Reached XP level 5. HP: 30/38 MP: 8/8
  2849 | D:3      | Reached skill level 8 in Polearms
  2994 | D:3      | Found a white marble altar of Elyvilon.
  3166 | D:4      | Noticed Duvessa
  3233 | D:4      | Reached skill level 9 in Polearms
  3233 | D:4      | Reached XP level 6. HP: 17/44 MP: 9/9
  3498 | D:4      | Noticed a phantom
  3555 | D:4      | Killed a phantom
  3820 | D:4      | Reached XP level 7. HP: 46/50 MP: 10/10
  4075 | D:4      | Noticed Dowan
  4193 | D:4      | Noticed Edmund
  4224 | D:4      | Killed Duvessa
  4229 | D:4      | Killed Edmund
  4229 | D:4      | Reached skill level 10 in Polearms
  4239 | D:4      | Reached skill level 5 in Dodging
  4239 | D:4      | Reached skill level 5 in Charms
  4243 | D:4      | Killed Dowan
  4496 | D:4      | Learned a level 3 spell: Spectral Weapon
  4693 | D:4      | Reached XP level 8. HP: 39/56 MP: 11/11
  4901 | D:5      | Entered Level 5 of the Dungeon
  5004 | D:5      | HP: 2/56 [acid (4)]
  5273 | D:5      | Found a shimmering altar of Xom.
  5306 | D:5      | Noticed a hippogriff
  5323 | D:5      | Slain by an ogre

Skill      XL: |  1  2  3  4  5  6  7 |
---------------+----------------------+-----
Polearms       | 4 6 7 9 10 | 10.6
Dodging        | 3 5 |  5.8
Charms         | 4 5 |  5.5
Fighting       | |  2.1
Armour         | |  0.6
Spellcasting   | |  2.0

Action                   |  1- 3 |  4- 6 |  7- 9 || total
-------------------------+-------+-------+-------++-------
Melee: Spear             |   132 |   218 |   145 ||   495
Throw: Stone             |       |     4 |       ||     4
 Cast: Infusion          |       |       |     3 ||     3
       Spectral Weapon   |       |       |     6 ||     6
  Use: Scroll            |       |     6 |     5 ||    11
       Potion            |       |       |     2 ||     2
 Stab: Paralysed         |       |     2 |       ||     2
       Sleeping          |       |     2 |       ||     2
  Eat: Chunk             |     3 |     6 |     1 ||    10
       Bread ration      |       |       |     1 ||     1
Armor: Leather armour    |    29 |    34 |    20 ||    83
Dodge: Dodged            |    78 |    71 |    54 ||   203
